 Dungeon Crawl Stone Soup version 0.28.0-45-g0d030f2227 (webtiles) character file.

Game seed: 1557291734235585796

233 101zpm the Covered (level 6, 0/38 HPs)
             Began as a Gargoyle Fighter on Apr 8, 2022.
             Slain by a troll (6 damage)
             ... on level 5 of the Dungeon.
             The game lasted 00:07:50 (3417 turns).

101zpm the Covered (Gargoyle Fighter)               Turns: 3417, Time: 00:07:51

Health: 0/38       AC: 12    Str: 21    XL:     6   Next: 4%
Magic:  0/6        EV:  9    Int:  9    God:
Gold:   166        SH:  4    Dex:  9    Spells: 5/5 levels left

rFire   . . .      SeeInvis .   a - +0 flail
rCold   . . .      Faith    .   c - +0 buckler
rNeg    + . .      Spirit   +   b - +0 scale mail
rPois   ∞          Reflect  .   (no helmet)
rElec   +          Harm     .   (no cloak)
rCorr   .          Rampage  .   (no gloves)
Will    .....                   k - +0 pair of boots
Stlth   ..........              n - amulet of guardian spirit
HPRegen 0.12/turn               (no ring)
MPRegen 0.10/turn               (no ring)

@: mighty
A: sickness immunity, AC +4, negative energy resistance 1, electricity
resistance, torment resistance 1, petrification resistance
a: no special abilities


You were on level 5 of the Dungeon.
You visited 1 branch of the dungeon, and saw 5 of its levels.

You collected 166 gold pieces.

Inventory:

Hand Weapons
 a - a +0 flail (weapon)
Missiles
 m - 6 boomerangs (quivered)
Armour
 b - a +0 scale mail (worn)
 c - a +0 buckler (worn)
 k - a +0 pair of boots (worn)
Jewellery
 n - an amulet of guardian spirit (around neck)
Scrolls
 f - a scroll of brand weapon
 l - a scroll of vulnerability
 o - a scroll of noise
 p - a scroll of amnesia {unknown}
 r - a scroll of teleportation {unknown}
 t - a scroll of immolation {unknown}
 u - a scroll of magic mapping {unknown}
 v - a scroll of fog {unknown}
Potions
 d - a potion of might
 e - 2 potions of invisibility {unknown}
 g - 2 potions of lignification
 i - a potion of flight {unknown}
 j - 2 potions of heal wounds {unknown}
 q - a potion of mutation {unknown}
 s - a potion of brilliance


   Skills:
 + Level 4.0 Fighting
 + Level 4.1 Maces & Flails
 + Level 0.9 Throwing
 + Level 4.1 Armour
 + Level 1.1 Dodging
 + Level 0.5 Stealth
 + Level 3.9 Shields


You had 5 spell levels left.
You didn't know any spells.
Your spell library was empty.

Dungeon Overview and Level Annotations

Branches:
Dungeon (5/15)             Temple (0/1) D:5

Altars:

Shops:
D:1 (   D:3 (

Annotations:
D:3 2 transporters, spacerossing's ghost, amateur MfGl
D:4 Sigmund


Innate Abilities, Weirdness & Mutations

You are immune to sickness and miasma.
Your stone body is resilient. (AC +4)
You are immune to poison.
You resist negative energy. (rN+)
You are resistant to electric shocks. (rElec)
You are resistant to unholy torment.
You are immune to petrification.


Message History

Found a stone staircase leading up.
j - 2 lumpy golden potions (gained 1)
You open the door.
A troll comes into view.
The troll shouts!
There is an open door here.
You hit the troll but do no damage. The troll barely misses you. x2
The troll claws you!
You barely miss the troll. You block the troll's attack.
The troll barely misses you. x2
You barely miss the troll. The troll bites you but does no damage.
The troll barely misses you. The troll closely misses you.
You hit the troll.
The troll is lightly wounded.
The troll bites you but does no damage. The troll claws you!
The troll closely misses you. The troll bites you. The troll claws you.
The troll claws you but does no damage.
You are too injured to fight recklessly!
You are too injured to fight recklessly!
You are too injured to fight recklessly!
You are too injured to fight recklessly!
You are too injured to fight recklessly!
You are too injured to fight recklessly!
You are too injured to fight recklessly!
You are too injured to fight recklessly!
You are too injured to fight recklessly!
You are too injured to fight recklessly!
You feel very mighty all of a sudden. The troll completely misses you.
The troll claws you but does no damage. The troll claws you.
You barely miss the troll.
The troll is lightly wounded.
You hear the slow rusting of a very distant drain.
The troll bites you but does no damage. You block the troll's attack.
The troll claws you!
* * * LOW HITPOINT WARNING * * *
You thump the troll!
The troll is moderately wounded.
The troll bites you!
You die...

#. #.≈≈≈≈.# #.
#.≈≈≈≈.# #. #.≈≈≈≈.#
#. #.≈≈≈≈.# #.
#.≈≈≈≈.# .. #.
#.≈≈≈≈.#....# ##
#....T.#....##.. #.
#####@###........ #.
#............... #.
#.............. #.
#............# #.
#............########.
#............#......#.
#............#...)..#.
#.....##.....##.....#.
#.....##.....##.....#.


You could see a troll.

Vanquished Creatures
  A jelly (D:4)
  A bullfrog skeleton (D:5)
  9 adders
  A shadow imp (D:5)
  2 worms
  A dart slug (D:3)
  5 bats
  2 endoplasms (D:1)
  6 giant cockroaches
  10 goblins
  5 hobgoblins (D:1)
  4 jackals (D:3)
  6 quokkas
  10 ball pythons
  A frilled lizard (D:1)
  10 kobolds
  7 rats
81 creatures vanquished.

Vanquished Creatures (others)
  28 plants (D:3)
28 creatures vanquished.

Grand Total: 109 creatures vanquished

Notes
Turn   | Place    | Note
-------+----------+-------------------------------------------
     0 | D:1      | 101zpm the Gargoyle Fighter began the quest for the Orb.
     0 | D:1      | Reached XP level 1. HP: 14/14 MP: 1/1
   164 | D:1      | Reached XP level 2. HP: 19/19 MP: 2/2
   395 | D:1      | Found Apovesuo's Antique Weapon Shop.
   547 | D:1      | Reached XP level 3. HP: 23/23 MP: 3/3
   615 | D:1      | Found a faded altar of an unknown god.
   967 | D:2      | Reached XP level 4. HP: 17/29 MP: 4/4
  1813 | D:3      | Found a transporter.
  1813 | D:3      | Noticed spacerossing's ghost (amateur MfGl)
  1819 | D:3      | Found a transporter.
  1858 | D:3      | Found Opashryl's Antique Weapon Shop.
  2249 | D:3      | Reached skill level 1 in Dodging
  2369 | D:3      | Reached XP level 5. HP: 21/33 MP: 3/5
  2833 | D:4      | Noticed Sigmund
  3274 | D:5      | Entered Level 5 of the Dungeon
  3295 | D:5      | Found a staircase to the Ecumenical Temple.
  3333 | D:5      | Reached XP level 6. HP: 38/38 MP: 6/6
  3410 | D:5      | Noticed a troll
  3417 | D:5      | Slain by a troll

Illustrated notes

Levels and vault maps discovered:
D:1:      dpeg_arrival_subterranean_lakeside_camping, layout_basic,
          serial_shops, shop, ebering_ecumenical_altar_webs
D:2:      layout_basic
D:3:      layout_basic, gammafunk_ghost_arena, serial_shops,
          nicolae_shop_overgrown_old_shop, serial_bayou_lagoon_a
D:4:      layout_cave_pools, uniq_sigmund
D:5:      layout_gridville, minmay_temple_entry_grid, portal_sewer_entry_e,
          nrook_pool_corridor, kennysheep_windowed_goal

Skill      XL: |  1  2  3  4  5 |
---------------+----------------+-----
Maces & Flails | 3 4 |  4.1
Dodging        | 1 |  1.1
Fighting       | 4 |  4.0
Armour         | 4 |  4.1
Throwing       | |  0.9
Stealth        | |  0.5
Shields        | |  3.9

Action                   |  1- 3 |  4- 6 || total
-------------------------+-------+-------++-------
Melee: Flail             |   132 |   202 ||   334
Throw: Boomerang         |       |     8 ||     8
  Use: Scroll            |       |     4 ||     4
       Potion            |       |     1 ||     1
Armor: Scale mail        |    84 |   148 ||   232
Dodge: Dodged            |    85 |   138 ||   223
Block: Buckler           |    37 |    67 ||   104
